 Dungeon Crawl Stone Soup version 0.20-a0-1065-g8446734 (webtiles) character file.

172 Ijustatesigmund the Slasher (level 5, -6/43 HPs)
             Began as a Barachi Fighter on Apr 28, 2017.
             Killed by divine providence
             ... invoked by an orc priest
              (16 damage)
             ... on level 4 of the Dungeon.
             The game lasted 00:05:08 (2840 turns).

Ijustatesigmund the Slasher (Barachi Fighter)       Turns: 2840, Time: 00:05:09

Health: -6/43      AC:  9    Str: 17    XL:     5   Next: 53%
Magic:  5/5        EV:  8    Int: 10    God:
Gold:   138        SH:  9    Dex: 11    Spells: 4/4 levels left

rFire    . . .     SeeInvis .   a - +0 long sword
rCold    + . .     Gourm    .   c - +0 shield
rNeg     . . .     Faith    .   b - +0 scale mail
rPois    .         Spirit   .   (no helmet)
rElec    .         Reflect  .   i - +0 cloak
rCorr    .         Harm     .   (no gloves)
MR       .....                  p - +0 pair of boots
Stlth    ..........             (no amulet)
Regen    0.2/turn               (no ring)
MPRegen  0.1/turn               o - ring of protection from cold

@: can't hop, drained, slow
A: +LOS, swims, slowness 1, strong legs 1
a: Hop


You were on level 4 of the Dungeon.
You were hungry.

You visited 1 branch of the dungeon, and saw 4 of its levels.

You collected 138 gold pieces.

Inventory:

Hand Weapons
 a - a +0 long sword (weapon)
Armour
 b - a +0 scale mail (worn)
 c - a +0 shield (worn)
 i - a +0 cloak (worn)
 p - a +0 pair of boots (worn)
Jewellery
 o - a ring of protection from cold (right hand)
Wands
 d - a wand of lightning (7/15)
Scrolls
 e - a scroll of immolation
 g - a scroll of remove curse
 m - a scroll of identify
Potions
 k - a potion of cancellation
Comestibles
 f - 6 bread rations
 h - 2 meat rations
 j - 2 royal jellies


   Skills:
 + Level 4.4 Fighting
 * Level 5.2(5.1) Long Blades
 - Level 3.6(3.5) Armour
 + Level 2.5 Dodging
 - Level 3.2 Shields


You had 4 spell levels left.
You didn't know any spells.

Dungeon Overview and Level Annotations

Branches:
Dungeon (4/15)
 Temple: D:4-7

Altars:
Dithmenos
Nemelex Xobeh
The Shining One

Annotations:
D:4 Natasha


Innate Abilities, Weirdness & Mutations

Shadows flee at your approach. (+LOS)
You can swim through water.
You cover ground slowly.
You can hop short distances.


Message History

Hop to where?
Press: ? - help, Dir - move target cursor Boing!
The orc priest calls upon Beogh to heal the orc.
The orc's wounds heal themselves!
You block the orc's attack. The orc priest closely misses you.
The orc priest calls down the wrath of Beogh upon you.
Beogh smites you!
* * * LOW HITPOINT WARNING * * *
The orc barely misses you.
You hit the orc.
The orc is heavily wounded.
The orc barely misses you.
You riposte.
Your shield and scale mail prevent you from hitting the orc.
The orc is heavily wounded.
The orc priest miscasts a cantrip.
The orc priest mumbles some strange prayers to Beogh against you.
Beogh smites you!
You die...

....##.. #...+..# ##...#...
#........ . #......#. ..
#........ ... #........
.... ##### #........
.....#####@..# #........
.......o.ooo.# ##.#.....
........oh...# #.+.....
........o...)#######'#.....
...........................
...#.......................
. #.......................
#..............(........
#.......................


You could see 2 orc priests, Natasha and 4 orcs.

Vanquished Creatures
  Ijyb (D:4)
  A worker ant (D:3)
  5 adders
  2 worms (D:2)
  A leopard gecko (D:2)
  5 orcs
  4 giant cockroaches
  9 goblins
  8 hobgoblins
  6 jackals
  2 quokkas (D:3)
  3 bats (D:1)
  5 frilled lizards
  A jackal zombie (D:3)
  6 kobolds
  A quokka skeleton (D:4)
  8 rats
68 creatures vanquished.

Notes
Turn   | Place    | Note
-------+----------+-------------------------------------------
     0 | D:1      | Ijustatesigmund the Barachi Fighter began the quest for the Orb.
     0 | D:1      | Reached XP level 1. HP: 18/18 MP: 1/1
   219 | D:1      | Reached skill level 3 in Long Blades
   230 | D:1      | Reached XP level 2. HP: 21/25 MP: 2/2
   492 | D:1      | Reached skill level 1 in Dodging
   596 | D:2      | Reached XP level 3. HP: 25/30 MP: 3/3
   955 | D:2      | Found a shadowy altar of Dithmenos.
  1003 | D:2      | Reached skill level 4 in Long Blades
  1214 | D:2      | Reached XP level 4. HP: 37/37 MP: 4/4
  1259 | D:2      | Found a sparkling altar of Nemelex Xobeh.
  1261 | D:2      | Found a glowing golden altar of the Shining One.
  2093 | D:3      | Reached XP level 5. HP: 29/42 MP: 5/5
  2359 | D:3      | Reached skill level 5 in Long Blades
  2681 | D:4      | Noticed Ijyb
  2700 | D:4      | Killed Ijyb
  2834 | D:4      | Noticed Natasha
  2840 | D:4      | Killed from afar by an orc priest

Vault maps used:
D:1:      scummos_arrival_forest
D:2:      chequers_temple_overflow_statue_of_worship, first_bread,
          nicolae_dithmenos_shadow_blocks
D:4:      minmay_bent, uniq_ijyb, uniq_natasha

Skill      XL: |  1  2  3  4  5 |
---------------+----------------+-----
Long Blades    | 3 4 5 |  5.2
Dodging        | 1 2 |  2.5
Fighting       | 4 |  4.4
Armour         | |  3.6
Shields        | |  3.2

Action                   |  1- 3 |  4- 6 || total
-------------------------+-------+-------++-------
Melee: Long sword        |   144 |   110 ||   254
 Abil: Hop               |     1 |     1 ||     2
  Use: Scroll            |     6 |     3 ||     9
       Potion            |       |     3 ||     3
  Eat: Chunk             |     1 |     6 ||     7
Armor: Scale mail        |    62 |    55 ||   117
Dodge: Dodged            |    50 |    48 ||    98
Block: Shield            |    81 |    54 ||   135
       Rpst.: Long sword |    12 |    13 ||    25
